 Seeded DCSS version 0.29.1-15-g9cfb28693d (webtiles) character file.

Game seed: 16245865983455551772 (custom seed)

101 Darius099 the Sneak (level 4, -1/29 HPs)
             Began as an Octopode Brigand on Mar 8, 2023.
             Slain by an orc wizard
             ... wielding a +0 dagger
              (5 damage)
             ... on level 3 of the Dungeon.
             The game lasted 00:01:42 (2172 turns).

Darius099 the Sneak (Octopode Brigand)              Turns: 2172, Time: 00:01:43

Health: -1/29      AC:  1    Str: 10    XL:     4   Next: 75%
Magic:  4/4        EV: 13    Int: 13    God:
Gold:   122        SH:  0    Dex: 15    Spells: 3/3 levels left

rFire   . . .      SeeInvis .   a - +2 dagger
rCold   . . .      Faith    .   (no shield)
rNeg    . . .      Spirit   .   (helmet restricted)
rPois   .          Reflect  .   (no amulet)
rElec   .          Harm     .   (no ring)
rCorr   .          Rampage  .   (no ring)
Will    .....                   (no ring)
Stlth   ++++......              (no ring)
HPRegen 0.09/turn               (no ring)
MPRegen 0.09/turn               (no ring)
                                (no ring)
                                (no ring)

@: no status effects
A: almost no armour, amphibious, 8 rings, camouflage 1, gelatinous body 1,
(nimble swimmer 1), tentacles
a: no special abilities


You were on level 3 of the Dungeon.
You visited 1 branch of the dungeon, and saw 3 of its levels.

You collected 122 gold pieces.

Inventory:

Hand Weapons
 a - a +2 dagger (weapon)
Missiles
 b - 11 poisoned darts (quivered)
 c - 3 curare-tipped darts
Jewellery
 h - a +6 ring of intelligence
 i - a +6 ring of intelligence
Wands
 n - a wand of roots (4)
Scrolls
 d - 3 scrolls of acquirement {unknown}
 g - 2 scrolls of teleportation {unknown}
 j - 2 scrolls of identify {unknown}
 l - a scroll of summoning {unknown}
 m - a scroll of enchant weapon {unknown}
 o - a scroll of noise {unknown}
Potions
 e - a potion of might {unknown}
 f - 2 potions of flight {unknown}
 k - a potion of lignification {unknown}


   Skills:
 - Level 2.0 Fighting
 + Level 3.1 Short Blades
 - Level 2.0 Throwing
 + Level 2.5 Dodging
 + Level 6.4 Stealth


You had 3 spell levels left.
You didn't know any spells.
Your spell library contained the following spells:

 Spells                   Type           Power      Damage    Failure   Level
 Sting                    Tmut/Pois      0%         1d3       30%         1
 Poisonous Vapours        Pois/Air       0%         N/A       43%         2
 Olgreb's Toxic Radiance  Pois           0%         N/A       97%         4
 Chain Lightning          Conj/Air       0%         N/A       100%        9
 Fire Storm               Conj/Fire      0%         5d1       100%        9
 Shatter                  Erth           0%         3d5*      100%        9


Dungeon Overview and Level Annotations

Branches:
Dungeon (3/15)

Altars:

Shops:
D:3 [


Innate Abilities, Weirdness & Mutations

You cannot wear most types of armour.
You are amphibious.
You can wear up to eight rings at the same time.
Your skin changes colour to match your surroundings (Stealth+).
Your rubbery body absorbs attacks. (AC +1, EV +1)
((You are camouflaged when in or above water. (Stealth+)))
You have tentacles for arms and can constrict up to eight enemies at once.


Message History

The orc wizard flickers and vanishes!
Deactivating autopickup; reactivate with Ctrl-A.
An orc wizard comes into view. It is wielding a +0 dagger.
The orc hits you with a +0 trident!
You closely miss the orc. You grab the orc. You squeeze the orc.
The orc is moderately wounded.
You constrict the orc. The orc closely misses you.
You hit the orc.
You kill the orc!
You hit something. Your squeeze misses something. Something hits you.
You hit something. Your squeeze misses something. You barely miss something.
You squeeze something!
An orc comes into view. It is wielding a +0 dagger.
Something hits you.
You are too injured to fight recklessly!
You are too injured to fight recklessly!
You barely miss something.
The orc shouts!
Your squeeze misses something. Something hits you.
You hit something.
Reactivating autopickup.
You feel a bit more experienced.
Your Short Blades skill increases to level 3!
Found an escape hatch in the floor.
The orc closely misses you.
Items here: )) [ ††.
You barely miss the orc. You grab the orc.
You constrict the orc, but do no damage.
The orc barely misses you.
You barely miss the orc. You squeeze the orc!
You kill the orc!
You hit the orc. You grab the orc. You squeeze the orc.
The orc is severely wounded.
You constrict the orc.
You kill the orc!
The orc wizard gestures at you while chanting.
The magic dart hits you!
* * * LOW HITPOINT WARNING * * *
An orc comes into view. It is wielding a +0 dagger.
The orc wizard hits you with a +0 dagger.
You die...

#### #.#. ######
#... .... ... ..#
#.###o#####.#####
#....o@)........#
#####.###.#...#.##
>.. #..#.#...#
..### #...∩....#
... #..#.#...# .#
#.#...#..######
................
###.#.###########
...#.. .......


You could see an orc wizard and an orc.

Vanquished Creatures
  Jessica (D:2)
  An orc wizard (D:3)
  An adder (D:2)
  3 orcs (D:3)
  2 ball pythons (D:1)
  3 bats
  4 endoplasms (D:1)
  2 goblins (D:1)
  5 hobgoblins
  3 quokkas (D:1)
  3 frilled lizards
  4 kobolds
  5 rats
37 creatures vanquished.

Notes
Turn   | Place    | Note
-------+----------+-------------------------------------------
     0 | D:1      | Darius099 the Octopode Brigand began the quest for the Orb.
     0 | D:1      | Reached XP level 1. HP: 14/14 MP: 1/1
   260 | D:1      | Reached XP level 2. HP: 18/19 MP: 2/2
   351 | D:1      | Found a faded altar of an unknown god.
  1048 | D:1      | Reached XP level 3. HP: 24/24 MP: 3/3
  1163 | D:2      | Noticed Jessica
  1172 | D:2      | Killed Jessica
  1173 | D:2      | Reached skill level 6 in Stealth
  1173 | D:2      | Reached XP level 4. HP: 14/29 MP: 4/4
  2149 | D:3      | Found Ymmy Ciutu's Antique Armour Shoppe.
  2172 | D:3      | Slain by an orc wizard

Illustrated notes

Levels and vault maps discovered:
D:1:      minmay_arrival_hallway, layout_loops_corners, basic_ecumenical_altar,
          minmay_unequal
D:2:      layout_loops_ring, uniq_jessica
D:3:      layout_basic, serial_shops, nicolae_shop_advertising_works
          [nicolae_subvault_shop_adworks], minmay_shallow_snake_nest,
          uniq_natasha

Skill      XL: |  1  2  3  4 |
---------------+-------------+-----
Dodging        | 2 |  2.5
Stealth        | 6 |  6.4
Short Blades   | 3 |  3.1
Fighting       | |  2.0
Throwing       | |  2.0

Action                   |  1- 3 |  4- 6 || total
-------------------------+-------+-------++-------
Melee: Dagger            |    43 |    31 ||    74
       Constrict         |     8 |     8 ||    16
       Tentacles         |     3 |     7 ||    10
 Stab: Sleeping          |    11 |     5 ||    16
Armor: Skin              |     1 |     1 ||     2
Dodge: Dodged            |    19 |    11 ||    30
